AoeStats
← Piggyeater6755

MegaRandom

505172371Analyzed
3v3 RM · 23d ago on Sep 8, 2026· 58m 55s· 6 players
Game mode
Random Map
Map size
Normal (6 player)
Population
200
Speed
Normal
Resources
Standard
Victory
Conquest
Starting age
Dark Age
Ending age
Imperial Age
RankedLock teamsTeams togetherTeam positionsShared explorationLock speedFull tech treeHidden civsTurbo modeCheats
Victory
Defeat
🇲🇽 Britons · Mexico
593
+13
🇨🇴 Magyars · Colombia
591
+13
🇨🇴 Khmer · Colombia
535
+15
🇺🇸 Teutons · United States
606
-17
🇺🇸 Huns · United States
536
-14
🇺🇸 Khmer · United States
437
-10
SwiftBarriga
5:06 Loom
18:10 Feudal Age
22:31 Wheelbarrow
22:39 Double-Bit Axe
22:37 Horse Collar
29:43 Castle Age
28:26 Scale Mail Armor
29:05 Scale Barding Armor
28:52 Fishing Lines
32:18 Husbandry
37:30 Chain Mail Armor
37:17 Padded Archer Armor
37:53 Thumb Ring
38:34 Squires
38:21 Arson
37:59 Man-at-Arms
39:51 Husbandry
44:14 Imperial Age
42:09 Bloodlines
41:52 Long Swordsman
43:31 Stone Mining
43:32 Gold Mining
43:48 Heavy Plow
44:02 Bow Saw
46:38 Coinage
49:37 Parthian Tactics
53:25 Cavalier
59:07 Forging
Piggyeater6755
9:44 Loom
19:41 Feudal Age
21:29 Wheelbarrow
21:55 Gold Mining
21:58 Double-Bit Axe
22:05 Fishing Lines
31:57 Castle Age
30:55 Scale Barding Armor
37:20 Chain Barding Armor
37:22 Horse Collar
48:37 Gold Shaft Mining
47:54 Stone Mining
FatBat518400594
20:57 Feudal Age
19:15 Loom
22:10 Horse Collar
22:31 Double-Bit Axe
24:25 Wheelbarrow
24:37 Man-at-Arms
25:46 Forging
27:40 Scale Mail Armor
34:38 Castle Age
40:31 Iron Casting
41:25 Pikeman
42:29 Chain Mail Armor
52:47 Imperial Age
54:42 Halberdier
amstek
5:51 Loom
15:45 Feudal Age
20:13 Double-Bit Axe
24:32 Padded Archer Armor
28:21 Castle Age
29:20 Crossbowman
30:17 Leather Archer Armor
33:39 Ballistics
35:10 Wheelbarrow
38:16 Fletching
40:06 Hand Cart
39:50 Bodkin Arrow
47:37 Imperial Age
45:51 Pikeman
46:34 Squires
47:55 Forging
49:52 Arbalester
juandasotoguerrero
12:55 Loom
18:31 Feudal Age
19:34 Double-Bit Axe
21:36 Horse Collar
22:51 Bloodlines
25:06 Scale Barding Armor
25:55 Wheelbarrow
27:02 Town Watch
31:01 Castle Age
32:56 Husbandry
34:21 Bow Saw
34:15 Heavy Plow
34:37 Chain Barding Armor
34:03 Fishing Lines
39:08 Man-at-Arms
39:36 Arson
40:36 Long Swordsman
40:50 Long Swordsman
47:25 Medium Warships
58:25 Light Cavalry
danisteven1440
23:12 Feudal Age
40:05 Castle Age
38:49 Gold Mining
44:46 Forging
44:45 Scale Mail Armor
48:43 Iron Casting
48:26 Chain Mail Armor
47:41 Pikeman
49:17 Stone Mining
61:03 Imperial Age
Connection lost

Rejoining the realm…

Still unreachable

The connection could not be restored.

Session expired

The server has moved on; the page needs a fresh start.